 Seeded DCSS version 0.28-a0-1594-ga885d4b3d6 (webtiles) character file.

Game seed: 17374242656959429415 (custom seed)

2 riojii the Caller (level 1, 10/10 HPs)
             Began as a Deep Elf Summoner on Jan 20, 2022.
             Quit the game on level 1 of the Dungeon.
             The game lasted 00:00:39 (199 turns).

riojii the Caller (Deep Elf Summoner)                Turns: 199, Time: 00:00:40

Health: 10/10      AC:  2    Str:  5    XL:     1   Next: 25%
Magic:  1/6        EV: 12    Int: 19    God:
Gold:   11         SH:  0    Dex: 15    Spells: 5/6 levels left

rFire   . . .      SeeInvis .   (no weapon)
rCold   . . .      Faith    .   (no shield)
rNeg    . . .      Spirit   .   a - +0 robe
rPois   .          Reflect  .   (no helmet)
rElec   .          Harm     .   (no cloak)
rCorr   .          Rampage  .   (no gloves)
Will    .....                   (no boots)
Stlth   ++........              (no amulet)
HPRegen 0.03/turn               (no ring)
MPRegen 0.10/turn               (no ring)

@: no status effects
A: no striking features
a: no special abilities


You were on level 1 of the Dungeon.
You visited 1 branch of the dungeon, and saw 1 of its levels.

You collected 11 gold pieces.

Inventory:

Armour
 a - a +0 robe (worn)
Potions
 b - a potion of berserk rage {unknown}


   Skills:
 - Level 2.4 Dodging
 - Level 2.4 Stealth
 + Level 3.0 Spellcasting
 * Level 4.4 Summonings


You had 5 spell levels left.
You knew the following spells:

 Your Spells              Type           Power      Damage    Failure   Level
a - Summon Small Mammal   Summ           76%        N/A       2%          1

Your spell library contained the following spells:

 Spells                   Type           Power      Damage    Failure   Level
 Call Imp                 Summ           19%        N/A       3%          2
 Call Canine Familiar     Summ           19%        N/A       7%          3
 Summon Guardian Golem    Hex/Summ       11%        N/A       19%         3
 Dazzling Flash           Conj/Hex       4%         N/A       41%         3
 Summon Lightning Spire   Summ/Air       11%        N/A       52%         4
 Iskenderun's Mystic Bla  Conj/Tloc      2%         2d3       83%         4
 Starburst                Conj/Fire      1%         6d3       100%        6


Dungeon Overview and Level Annotations

Branches:
Dungeon (1/15)

Altars:


Message History

You swap places.
Your quokka disappears in a puff of smoke! 2 jackals come into view.
Your bat hits the jackal but does no damage.
The jackal barks!
The jackal bites your bat.
Your bat hits the jackal.
The jackal barks!
Your bat hits the jackal but does no damage.
Your bat closely misses the jackal.
The jackal closely misses your bat. The jackal misses your bat.
Your bat hits the jackal but does no damage.
The jackal bites your bat.
Your bat dies!
Your bat's corpse disappears in a puff of smoke!
Your bat disappears in a puff of smoke!
The jackal completely misses your bat.
Your bat hits the jackal but does no damage.
The jackal misses your bat.
Your bat completely misses the jackal.
You swap places.
Your bat closely misses the jackal.
Your bat hits the jackal but does no damage.
The jackal bites your rat.
Your rat dies!
Your rat's corpse disappears in a puff of smoke!
Your bat hits the jackal. The jackal misses your bat.
The jackal bites your bat.
Your bat dies!
Your bat's corpse disappears in a puff of smoke!
The jackal closely misses you. The jackal misses you.
You swap places.
Your bat barely misses the jackal.
The jackal closely misses your bat.
You swap places.
Your bat barely misses the jackal.
The jackal bites your bat. x2
Your bat hits the jackal but does no damage.
Your bat completely misses the jackal.
The jackal closely misses your bat.
Your bat closely misses the jackal.
The jackal bites your bat.
Your bat dies!
Your bat's corpse disappears in a puff of smoke!
The jackal bites your quokka.
Are you sure you want to abandon this character and quit the game? (Confirm with "yes".)

#...# #######.#
#.#.### #.# #.#.#
#.# #.#.## #.#
#.#..###########.#
#................#
#....#############
#............# #
#@...###....)#####
#ยง##......#.......
#r######.....#####
#h# #.....# #h#
####### ........#
#########


You could see a jackal (ally target) and a friendly quokka (summoned).

Vanquished Creatures (collateral kills)
  A hobgoblin (D:1)
  A rat (D:1)
2 creatures vanquished.

Notes
Turn   | Place    | Note
-------+----------+-------------------------------------------
     0 | D:1      | riojii the Deep Elf Summoner began the quest for the Orb.
     0 | D:1      | Reached XP level 1. HP: 10/10 MP: 6/6
   199 | D:1      | Quit the game

Illustrated notes

Levels and vault maps discovered:
D:1:      minmay_arrival_cross, layout_loops_ring

Action                   || total
-------------------------++-------
 Cast: Summon Small Mamm ||     9
Dodge: Dodged            ||     2

Table legend: (Time is in decaauts)
 A = Elapsed time spent in this place.
 B = Non-inter-level travel time spent in this place.
 C = Inter-level travel time spent in this place.
 D = Time resting spent in this place.
 E = Time spent auto-exploring this place.
 F = Levels seen in this place.
 G = Mean time per level.
                   A        B        C        D        E       F      G
               +--------+--------+--------+--------+--------+-----+--------+
         Total |    199 |    199 |      0 |      0 |    157 |   1 |  199.0 |
       Dungeon |    199 |    199 |      0 |      0 |    157 |   1 |  199.0 |
               +--------+--------+--------+--------+--------+-----+--------+

Top non-repeatable levels by time:
     D:1: 199 daAuts
